 Seeded DCSS version 0.29.1-15-g9cfb28693d (webtiles) character file.

Game seed: 11404060113031197410 (custom seed)

13711 NateTC the Grappler (level 11, -1/119 HPs)
             Began as a Troll Fighter on Apr 20, 2023.
             Was a High Priest of Jiyva.
             Slain by a 15-headed hydra (12 damage)
             ... on level 11 of the Dungeon.
             The game lasted 00:12:52 (8984 turns).

NateTC the Grappler (Troll Fighter)                 Turns: 8984, Time: 00:12:54

Health: -1/119     AC: 13    Str: 30    XL:     11   Next: 79%
Magic:  10/10      EV:  7    Int:  4    God:    Jiyva [*****.]
Gold:   511        SH: 15    Dex: 15    Spells: 10/10 levels left

rFire   . . .      SeeInvis .     - Unarmed
rCold   . . .      Faith    .   d - +0 tower shield {AC+3}
rNeg    . . .      Spirit   .   y - +0 acid dragon scales
rPois   .          Reflect  .   p - +1 hat
rElec   .          Harm     .   j - +0 cloak
rCorr   +          Rampage  .   (gloves unavailable)
Will    .....                   (boots unavailable)
Stlth   +.........              r - amulet of regeneration
HPRegen 3.33/turn               h - +6 ring of dexterity
MPRegen 0.57/turn               (no ring)

@: no status effects
A: large, unfitting armour, claws 3, regeneration 1, shaggy fur 1, tough skin 1,
wild magic 3, eyeballs 2, evolution 2, noise suppression
a: Renounce Religion, Oozemancy, Slimify


You were on level 11 of the Dungeon.
You worshipped Jiyva.
Jiyva was extremely pleased with you.
You visited 1 branch of the dungeon, and saw 11 of its levels.
You also visited: Sewer.

You collected 511 gold pieces.

Inventory:

Armour
 a - a +0 robe
 d - a +0 tower shield of protection (worn)
 j - a +0 cloak (worn)
 p - a +1 hat (worn)
 y - +0 acid dragon scales (worn)
Jewellery
 h - a +6 ring of dexterity (left claw)
 k - an amulet of guardian spirit
 m - a ring of protection from fire
 r - an amulet of regeneration (around neck)
 x - a ring of wizardry
 E - an amulet of reflection
Wands
 b - a wand of iceblast (23)
 n - a wand of digging (6)
 B - a wand of flame (14)
 C - a wand of mindburst (12)
Scrolls
 l - 2 scrolls of magic mapping
 s - a scroll of enchant armour {unknown}
 t - 5 scrolls of teleportation
 v - 2 scrolls of butterflies
 D - a scroll of blinking
 F - a scroll of brand weapon {unknown}
 H - a scroll of enchant weapon
 I - 2 scrolls of identify
Potions
 c - 2 potions of might
 e - 4 potions of curing
 f - 2 potions of berserk rage
 g - 2 potions of heal wounds
 i - 3 potions of cancellation
 o - 2 potions of resistance
 q - a potion of haste
 u - 4 potions of mutation
 w - 2 potions of ambrosia {unknown}
 z - a potion of lignification
 A - 3 potions of flight {unknown}
 G - a potion of degeneration {unknown}


   Skills:
 * Level 10.3 Fighting
 - Level 2.4 Dodging
 - Level 6.8 Shields
 * Level 13.6 Unarmed Combat


You had 10 spell levels left.
You didn't know any spells.
Your spell library contained the following spells:

 Spells                   Type           Power      Damage    Failure   Level
 Beastly Appendage        Tmut           0%         N/A       99%         1
 Freeze                   Ice            0%         1d3       99%         1
 Wereblood                Tmut           0%         N/A       100%        2
 Frozen Ramparts          Ice            0%         1d1       100%        3
 Spider Form              Tmut/Pois      0%         N/A       100%        3
 Hailstorm                Conj/Ice       0%         3d3       100%        4
 Chain Lightning          Conj/Air       0%         N/A       100%        9
 Fire Storm               Conj/Fire      0%         5d1       100%        9
 Shatter                  Erth           0%         3d5*      100%        9


Dungeon Overview and Level Annotations

Branches:
Dungeon (11/15)            Temple (0/1) D:4           Sewer (visited)
   Lair: D:8-11         Orc: D:9-12

Altars:
Ashenzari
Cheibriados
Dithmenos
Elyvilon
Fedhas
Gozag
Kikubaaqudgha
Trog
Uskayaw
Wu Jian
The Shining One

Shops:
D:6 (   D:10 *

Annotations:
D:9 3 runed translucent doors, Smoke131's ghost, journeyman OgGl


Innate Abilities, Weirdness & Mutations

You are too large for most types of armour.
You have claws for hands.
Your natural rate of healing is unusually fast.
You are covered in fur. (AC +1)
You have tough skin. (AC +1)
Your spells are much harder to cast, but much more powerful.
Your body has grown many eyes which may confuse attackers. (Acc +5)
You have great hidden genetic potential.
You passively dampen the noise of your surroundings.


Message History

The 14-headed hydra bites you but does no damage.
The 14-headed hydra bites you! You block the 14-headed hydra's attack.
The 14-headed hydra bites you but does no damage. x2
The 14-headed hydra barely misses you.
The 14-headed hydra bites you but does no damage.
The 14-headed hydra bites you!
You block the 14-headed hydra's attack. x2
The 14-headed hydra barely misses you. The 14-headed hydra bites you.
You block the 14-headed hydra's attack.
The centaur unwields a +0 shortbow.
The centaur hits you but does no damage.
The centaur kicks you but does no damage.
You rip one of the 14-headed hydra's heads off!
The 13-headed hydra grows two more!
You claw the 15-headed hydra!
The 15-headed hydra is moderately wounded.
The 15-headed hydra bites you! You block the 15-headed hydra's attack.
The 15-headed hydra bites you! You block the 15-headed hydra's attack.
The 15-headed hydra bites you. x3
The 15-headed hydra bites you but does no damage. x2
The 15-headed hydra bites you.
* * * LOW HITPOINT WARNING * * *
The 15-headed hydra bites you but does no damage.
You block the 15-headed hydra's attack. The 15-headed hydra barely misses you.
The 15-headed hydra bites you.
* * * LOW HITPOINT WARNING * * *
The 15-headed hydra barely misses you.
The centaur hits you but does no damage.
The centaur kicks you but does no damage.
The 15-headed hydra attacks as you move away!
You block the 15-headed hydra's attack. The 15-headed hydra barely misses you.
The 15-headed hydra bites you but does no damage.
The 15-headed hydra bites you.
* * * LOW HITPOINT WARNING * * *
You block the 15-headed hydra's attack.
The 15-headed hydra bites you but does no damage.
You block the 15-headed hydra's attack. The 15-headed hydra bites you!
* * * LOW HITPOINT WARNING * * *
The 15-headed hydra bites you but does no damage.
The 15-headed hydra bites you.
* * * LOW HITPOINT WARNING * * *
The 15-headed hydra bites you!
You die...

##.####.####.# #<#
#.#...># #.#
#.#.#### #.# #.#.#
..# #.#.# ### #.#.#
##.#.#####
##......c.#
#.....(@D.##########
#))..#####..........
#.#....cD...?.####
#.#......#.##.#
#.##.###.#.##.#
#......#.#.##.#
#..#.#.....##.#
#.....$....##.#
##.#.#....###.#


You could see a 15-headed hydra and a centaur.

Vanquished Creatures
  A hydra (D:11)
  The ghost of Wkid the Thaumaturge, a journeyman DjDe of Hepliaklqana (D:11)
  2 two-headed ogres
  Nergalle (D:10)
  Pikel (D:9)
  An ugly thing (D:9)
  2 spectral centaurs (D:11)
  A manticore (D:11)
  3 centaur zombies (D:11)
  Psyche (D:10)
  A komodo dragon (D:10)
  Maggie (D:9)
  A kobold demonologist (D:11)
  4 trolls
  Grinder (D:6)
  Prince Ribbit (D:9)
  A vampire (D:10)
  A wraith (D:9)
  A shadow (D:6)
  11 yaks (D:10)
  3 acid dragons
  A water moccasin (D:5)
  5 orc warriors
  3 ogres
  2 black bears
  5 centaurs
  4 lemures (D:9)
  A phantom (D:4)
  2 kobold brigands
  6 bullfrogs
  A gnoll sergeant (D:9)
  A necrophage (D:4)
  3 wights (D:7)
  3 killer bees (D:10)
  3 electric eels (D:8)
  A howler monkey (D:9)
  2 hounds (D:5)
  6 orc priests
  2 jellies
  Terence (D:3)
  An iguana (D:4)
  Ijyb (D:3)
  6 orc wizards
  A mummy (D:4)
  A boggart simulacrum (D:11)
  8 adders
  A river rat (Sewer)
  A shadow imp (D:5)
  5 worms
  4 dart slugs
  29 orcs
  14 ball pythons
  13 endoplasms
  5 giant cockroaches
  4 hobgoblins
  10 jackals
  15 kobolds
  5 quokkas
  5 bats
  7 frilled lizards
  3 goblins
  11 rats
242 creatures vanquished.

Vanquished Creatures (others)
  A wyvern (D:10)
  A steam dragon (D:10)
  A human (D:6)
  2 bullfrogs
  11 jellies
  An orc priest (D:6)
  2 hounds (D:6)
  An iguana (D:7)
  An orc wizard (D:6)
  A shadow imp (D:7)
  9 orcs
31 creatures vanquished.

Grand Total: 273 creatures vanquished

Notes
Turn   | Place    | Note
-------+----------+-------------------------------------------
     0 | D:1      | NateTC the Troll Fighter began the quest for the Orb.
     0 | D:1      | Reached XP level 1. HP: 22/22 MP: 0/0
   187 | D:1      | Found a faded altar of an unknown god.
   193 | D:1      | Reached XP level 2. HP: 29/29 MP: 1/1
   317 | D:1      | You fall into a shaft and drop 1 floor!
   572 | D:1      | Reached XP level 3. HP: 36/36 MP: 2/2
   833 | D:1      | Identified a scroll of acquirement
   833 | D:1      | Acquired a +0 tower shield of protection
   956 | D:2      | Reached skill level 3 in Unarmed Combat
  1107 | D:2      | Reached XP level 4. HP: 40/44 MP: 3/3
  1800 | D:3      | Noticed Ijyb
  1822 | D:3      | Killed Ijyb
  1864 | D:3      | Reached skill level 4 in Unarmed Combat
  1864 | D:3      | Reached XP level 5. HP: 41/50 MP: 2/4
  2053 | D:3      | Noticed Terence
  2061 | D:3      | Killed Terence
  2712 | D:4      | Found a hide-covered altar of Uskayaw.
  2712 | D:4      | Noticed a +0 dagger
  2712 | D:4      | Noticed a +0 dagger
  2749 | D:4      | Noticed a phantom
  2760 | D:4      | Killed a phantom
  2761 | D:4      | Reached XP level 6. HP: 55/59 MP: 5/5
  2767 | D:4      | Reached skill level 5 in Shields
  2767 | D:4      | Reached skill level 5 in Unarmed Combat
  2857 | D:4      | Found a staircase to the Ecumenical Temple.
  3183 | D:4      | Found a snail-covered altar of Cheibriados.
  3389 | D:5      | Entered Level 5 of the Dungeon
  3400 | D:5      | Reached XP level 7. HP: 54/66 MP: 6/6
  3468 | D:5      | Reached skill level 6 in Unarmed Combat
  3550 | D:5      | Found an opulent altar of Gozag.
  3555 | D:5      | Found a glowing drain.
  3577 | Sewer    | Entered a sewer
  3699 | Sewer    | Found a viscous altar of Jiyva.
  3709 | Sewer    | Became a worshipper of Jiyva Jucoh the Shapeless
  3957 | D:5      | Identified the +5 quarterstaff of Bread {vorpal, Stlth+}
  3961 | D:5      | Found a glowing golden altar of the Shining One.
  4114 | D:5      | Found a bloodstained altar of Trog.
  4581 | D:6      | Noticed Grinder
  4601 | D:6      | Killed Grinder
  4602 | D:6      | Reached skill level 7 in Unarmed Combat
  4602 | D:6      | Reached XP level 8. HP: 74/74 MP: 7/7
  4606 | D:6      | Reached * piety under Jiyva
  4819 | D:6      | Found Muwyafom's Antique Weapon Shop.
  4927 | D:6      | Found a white marble altar of Elyvilon.
  4952 | D:6      | Found an ancient bone altar of Kikubaaqudgha.
  5320 | D:7      | Reached ** piety under Jiyva
  5333 | D:7      | Reached skill level 8 in Unarmed Combat
  5996 | D:7      | Reached *** piety under Jiyva
  6396 | D:7      | Gained mutation: Your spells are a little harder to cast,
                  | but a little more powerful. [Jiyva's grace]
  6396 | D:7      | Gained mutation: Your spells are harder to cast, but more
                  | powerful. [Jiyva's grace]
  6396 | D:7      | Gained mutation: Your spells are much harder to cast, but
                  | much more powerful. [Jiyva's grace]
  6396 | D:7      | Gained mutation: You passively dampen the noise of your
                  | surroundings. [Jiyva's grace]
  6512 | D:8      | Found a shadowy altar of Dithmenos.
  6522 | D:8      | Noticed a two-headed ogre
  6557 | D:8      | Killed a two-headed ogre
  6558 | D:8      | Reached skill level 5 in Fighting
  6558 | D:8      | Reached skill level 9 in Unarmed Combat
  6558 | D:8      | Reached XP level 9. HP: 68/88 MP: 8/8
  6874 | D:8      | Reached **** piety under Jiyva
  7167 | D:9      | Noticed Maggie
  7173 | D:9      | Killed Maggie
  7174 | D:9      | Reached skill level 10 in Unarmed Combat
  7302 | D:9      | Noticed a troll
  7305 | D:9      | Killed a troll
  7452 | D:9      | Noticed Prince Ribbit
  7460 | D:9      | Killed Prince Ribbit
  7464 | D:9      | Found a runed translucent gate.
  7464 | D:9      | Found a runed translucent gate.
  7464 | D:9      | Found a runed translucent gate.
  7479 | D:9      | Noticed Pikel
  7493 | D:9      | Killed Pikel
  7494 | D:9      | Reached XP level 10. HP: 65/102 MP: 9/9
  7600 | D:9      | Noticed a cyan ugly thing
  7603 | D:9      | Noticed a two-headed ogre
  7605 | D:9      | Killed a cyan ugly thing
  7606 | D:9      | Reached skill level 11 in Unarmed Combat
  7614 | D:9      | Killed a two-headed ogre
  7752 | D:9      | Noticed Smoke131's ghost (journeyman OgGl)
  7886 | D:10     | Entered Level 10 of the Dungeon
  7886 | D:10     | Noticed Psyche
  7892 | D:10     | Killed Psyche
  8002 | D:10     | Found Ukerum's Assorted Antiques.
  8052 | D:10     | Reached skill level 12 in Unarmed Combat
  8078 | D:10     | Reached XP level 11. HP: 113/113 MP: 10/10
  8107 | D:10     | Found a blossoming altar of Fedhas.
  8207 | D:10     | Noticed Nergalle
  8208 | D:10     | Found a broken altar of Ashenzari.
  8220 | D:10     | Killed Nergalle
  8575 | D:10     | Found an ornate altar of the Wu Jian Council.
  8581 | D:10     | Gained mutation: You have hidden genetic potential.
                  | [Jiyva's grace]
  8581 | D:10     | Gained mutation: You have great hidden genetic potential.
                  | [Jiyva's grace]
  8581 | D:10     | Gained mutation: Your body has grown eyes which may confuse
                  | attackers. (Acc +3) [Jiyva's grace]
  8581 | D:10     | Gained mutation: Your body has grown many eyes which may
                  | confuse attackers. (Acc +5) [Jiyva's grace]
  8710 | D:11     | Identified the +7 chain mail of Serendipity {Str+5 Int+2
                  | Dex+3 Stlth-}
  8729 | D:11     | Found a runed translucent gate.
  8730 | D:11     | Found a runed translucent gate.
  8731 | D:11     | Found a runed translucent gate.
  8735 | D:11     | Noticed Wkid's ghost (journeyman DjDe)
  8752 | D:11     | Reached skill level 13 in Unarmed Combat
  8757 | D:11     | Killed Wkid's ghost
  8779 | D:11     | Reached skill level 10 in Fighting
  8834 | D:11     | Noticed an eight-headed hydra
  8838 | D:11     | Killed a nine-headed hydra
  8894 | D:11     | Noticed a four-headed hydra
  8961 | D:11     | Reached ***** piety under Jiyva
  8984 | D:11     | Slain by a 15-headed hydra

Illustrated notes

Levels and vault maps discovered:
D:1:      dpeg_arrival_pond, layout_basic, basic_ecumenical_altar,
          wander_ebering_terrifying_dragon_lair
D:2:      layout_loops_ring, minmay_surrounded
D:3:      layout_basic, uniq_terence, uniq_ijyb
D:4:      layout_loops_ring, dancing_weapons_uskayaw, chei_slow_surprise,
          minmay_temple_entry_mist
D:5:      layout_loops_ring, overflow_temple_1_default, lightli_temple_of_fire,
          general_overflow_altar, cheibrodos_sewer_entry_drain
D:6:      layout_loops_corners, elyvilon_altar_3, tgw_kikubaaqudgha,
          serial_shops, nicolae_shop_hallway_stairs,
          ebering_dispersal_statue_hall, uniq_grinder
D:7:      layout_layer_cave
D:8:      layout_basic, nicolae_dithmenos_through_a_glass_darkly, minivault_14
D:9:      layout_loops_ring, gammafunk_ghost_spectres, minmay_joined_circles,
          uniq_maggie, uniq_pikel, uniq_prince_ribbit1
D:10:     layout_loops_ring, fedhas_altar_fruit_tree, evilmike_ruin_ashenzari,
          nicolae_wu_jian_immortal_techniques, serial_shops, shop, uniq_psyche,
          uniq_nergalle
D:11:     layout_loops_ring, lair_entry_dummy, gammafunk_ghost_necromancy

Skill      XL: |  1  2  3  4  5  6  7  8  9 10 11 |
---------------+----------------------------------+-----
Shields        | 3 4 5 6 |  6.8
Unarmed Combat | 3 4 5 7 9 10 12 13 | 13.6
Fighting       | 5 7 8 10 | 10.3
Dodging        | |  2.4

Action                   |  1- 3 |  4- 6 |  7- 9 | 10-12 || total
-------------------------+-------+-------+-------+-------++-------
Melee: Unarmed           |    96 |   182 |   269 |   205 ||   752
  Use: Scroll            |     5 |     8 |    11 |       ||    24
       Potion            |       |       |     1 |     2 ||     3
 Stab: Sleeping          |       |     4 |     2 |       ||     6
       Distracted        |       |       |     1 |       ||     1
       Confused          |       |       |       |     4 ||     4
Armor: Robe              |    31 |    57 |    87 |    24 ||   199
       Acid dragon scale |       |       |       |   120 ||   120
Dodge: Dodged            |    34 |    45 |    81 |    91 ||   251
Block: Kite shield       |    22 |       |       |       ||    22
       Tower shield      |    33 |   137 |   184 |   238 ||   592
